[ AOE2 MATCH · #466995284 ]
1v1 RMMongols vs Bohemians
Player's team · WIN
[ REPLAY ANALYSIS · EXTRACTED FROM THE RECORDED GAME ]
Feudal
10:37
Castle
14:20
Imperial
—
| APM avg | 35.8 |
| APM peak | 62 |
| eAPM avg | 10.7 |
| Villagers / military | 43 / 14 |
Focus
⚔️ 15.7% · 🌾 84.3%
Steppe Lancer ×14
Feudal
11:12
Castle
—
Imperial
—
| APM avg | 29.3 |
| APM peak | 67 |
| eAPM avg | 10.4 |
| Villagers / military | 37 / 15 |
Focus
⚔️ 14.4% · 🌾 85.6%
Spearman ×13 · Archer ×2
Match map
Initial resources + every placement click. Lines = walls · curves = elevation contours. ◆ gold · ⬟ stone · ● berries · ✦ relic · ◌ wall gap
Your base· Open — unwalled flank
Hector Barbossa's base· Open — unwalled flank
Smoothed initial terrain · ◌ = detected wall gap · hover for details
Inputs per minute
— heremor.games - - Hector Barbossa
Build order — heremor.games
106 actions detected in the replay
| 0:00 | Create | Villager (Male) |
| 0:01 | Create | Villager (Male) |
| 0:02 | Build | House |
| 0:03 | Build | House |
| 0:11 | Create | Villager (Male) |
| 0:11 | Create | Villager (Male) |
| 0:11 | Create | Villager (Male) |
| 1:27 | Create | Villager (Male) |
| 1:58 | Build | Lumber Camp |
| 1:59 | Create | Villager (Male) |
| 2:30 | Create | Villager (Male) |
| 2:46 | Create | Villager (Male) |
| 3:17 | Create | Villager (Male) |
| 3:17 | Create | Villager (Male) |
| 3:29 | Build | House |
| 3:54 | Create | Villager (Male) |
| 4:19 | Create | Villager (Male) |
| 4:19 | Create | Villager (Male) |
| 4:20 | Create | Villager (Male) |
| 4:28 | Build | Mill |
| 4:46 | Create | Villager (Male) |
| 4:46 | Create | Villager (Male) |
| 5:46 | Build | House |
| 5:52 | Create | Villager (Male) |
| 6:26 | Create | Villager (Male) |
| 6:52 | Create | Villager (Male) |
| 6:59 | Build | Mining Camp |
| 7:01 | Create | Villager (Male) |
| 7:19 | Create | Villager (Male) |
| 8:01 | Build | Farm |
| 8:27 | Research | Feudal Age |
| 9:27 | Build | Farm |
| 9:31 | Create | Villager (Male) |
| 9:31 | Create | Villager (Male) |
| 9:46 | Build | Mill |
| 9:52 | Build | Barracks |
| 10:37 | Age | Feudal Age |
| 10:53 | Build | Blacksmith |
| 10:58 | Build | Stable |
| 11:10 | Build | Farm |
| 11:40 | Research | Castle Age |
| 11:43 | Build | House |
| 12:00 | Build | Palisade Wall |
| 12:16 | Research | Double-Bit Axe |
| 12:20 | Build | House |
| 12:29 | Build | Palisade Wall |
| 12:40 | Build | Palisade Wall |
| 12:53 | Build | Farm |
| 12:56 | Build | Farm |
| 13:01 | Build | Farm |
| 13:19 | Research | Bloodlines |
| 13:34 | Build | Farm |
| 14:03 | Build | Farm |
| 14:03 | Build | Farm |
| 14:19 | Build | House |
| 14:20 | Age | Castle Age |
| 14:27 | Build | Palisade Wall |
| 14:29 | Create | Steppe Lancer |
| 14:29 | Create | Steppe Lancer |
| 14:48 | Build | Farm |
| 15:02 | Create | Steppe Lancer |
| 15:04 | Create | Villager (Male) |
| 15:05 | Create | Villager (Male) |
| 15:29 | Build | Farm |
| 15:34 | Build | Farm |
| 15:38 | Create | Steppe Lancer |
| 15:50 | Create | Villager (Male) |
| 15:53 | Create | Villager (Male) |
| 16:18 | Create | Villager (Male) |
| 16:19 | Create | Villager (Male) |
| 16:21 | Build | Farm |
| 16:40 | Create | Steppe Lancer |
| 16:51 | Create | Villager (Male) |
| 16:55 | Build | Farm |
| 17:02 | Build | Farm |
| 17:37 | Create | Steppe Lancer |
| 17:37 | Create | Steppe Lancer |
| 17:39 | Create | Villager (Male) |
| 17:41 | Build | House |
| 17:44 | Build | House |
| 17:48 | Build | Farm |
| 18:00 | Build | Farm |
| 18:05 | Research | Husbandry |
| 18:13 | Build | House |
| 18:51 | Create | Steppe Lancer |
| 19:13 | Create | Steppe Lancer |
| 19:17 | Create | Villager (Male) |
| 19:18 | Research | Loom |
| 19:21 | Build | Farm |
| 19:47 | Build | Farm |
| 19:52 | Create | Villager (Male) |
| 19:52 | Create | Villager (Male) |
| 19:53 | Create | Villager (Male) |
| 19:53 | Create | Villager (Male) |
| 19:53 | Create | Villager (Male) |
| 20:00 | Create | Steppe Lancer |
| 20:00 | Create | Steppe Lancer |
| 20:11 | Build | Farm |
| 20:51 | Create | Villager (Male) |
| 20:51 | Create | Villager (Male) |
| 20:52 | Create | Villager (Male) |
| 21:10 | Create | Villager (Male) |
| 21:11 | Create | Villager (Male) |
| 21:14 | Create | Steppe Lancer |
| 21:15 | Create | Steppe Lancer |
| 21:15 | Create | Steppe Lancer |
Build order — Hector Barbossa
98 actions detected in the replay
| 0:01 | Create | Villager (Male) |
| 0:01 | Create | Villager (Male) |
| 0:01 | Create | Villager (Male) |
| 0:02 | Create | Villager (Male) |
| 0:03 | Build | House |
| 0:05 | Build | House |
| 0:24 | Research | Loom |
| 1:26 | Build | Lumber Camp |
| 1:31 | Create | Villager (Male) |
| 2:16 | Create | Villager (Male) |
| 2:56 | Create | Villager (Male) |
| 3:20 | Create | Villager (Male) |
| 3:51 | Build | House |
| 3:54 | Build | House |
| 4:19 | Create | Villager (Male) |
| 4:50 | Build | Mill |
| 5:26 | Create | Villager (Male) |
| 5:27 | Create | Villager (Male) |
| 5:27 | Create | Villager (Male) |
| 5:27 | Create | Villager (Male) |
| 6:03 | Create | Villager (Male) |
| 6:21 | Create | Villager (Male) |
| 6:21 | Create | Villager (Male) |
| 6:51 | Create | Villager (Male) |
| 6:52 | Create | Villager (Male) |
| 7:48 | Create | Villager (Male) |
| 9:01 | Research | Feudal Age |
| 9:33 | Build | Barracks |
| 10:07 | Build | House |
| 10:11 | Build | House |
| 10:43 | Build | House |
| 10:45 | Build | House |
| 11:11 | Build | Palisade Wall |
| 11:12 | Age | Feudal Age |
| 11:15 | Build | Palisade Gate |
| 11:29 | Build | Archery Range |
| 11:41 | Create | Villager (Male) |
| 11:41 | Create | Villager (Male) |
| 11:43 | Research | Double-Bit Axe |
| 11:44 | Research | Horse Collar |
| 11:52 | Create | Spearman |
| 11:52 | Create | Spearman |
| 11:54 | Create | Spearman |
| 12:12 | Build | Blacksmith |
| 12:26 | Build | Mining Camp |
| 12:39 | Build | Palisade Wall |
| 12:41 | Build | Palisade Gate |
| 13:05 | Build | House |
| 13:12 | Create | Archer |
| 13:23 | Build | House |
| 13:25 | Create | Villager (Male) |
| 13:25 | Create | Villager (Male) |
| 13:26 | Create | Villager (Male) |
| 13:26 | Create | Villager (Male) |
| 13:27 | Create | Villager (Male) |
| 13:53 | Create | Villager (Male) |
| 13:53 | Create | Villager (Male) |
| 14:03 | Create | Archer |
| 14:53 | Build | Farm |
| 14:54 | Build | Farm |
| 14:54 | Build | Farm |
| 14:54 | Build | Farm |
| 14:54 | Build | Farm |
| 14:56 | Build | Farm |
| 15:24 | Build | House |
| 15:30 | Build | Market |
| 15:32 | Build | House |
| 15:33 | Build | House |
| 15:36 | Build | House |
| 15:54 | Build | House |
| 15:55 | Build | House |
| 16:33 | Create | Spearman ×5 |
| 17:00 | Build | House |
| 17:39 | Research | Forging |
| 17:50 | Build | Farm |
| 17:50 | Build | Farm |
| 17:50 | Build | Farm |
| 17:56 | Build | Farm |
| 17:56 | Build | Farm |
| 17:56 | Build | Farm |
| 18:04 | Build | House |
| 18:12 | Create | Villager (Male) |
| 18:13 | Create | Villager (Male) |
| 18:13 | Create | Villager (Male) |
| 18:13 | Create | Villager (Male) |
| 18:14 | Create | Villager (Male) |
| 18:14 | Create | Villager (Male) |
| 18:40 | Build | House |
| 19:04 | Create | Spearman ×4 |
| 19:12 | Build | House |
| 19:19 | Build | House |
| 19:36 | Build | House |
| 19:41 | Build | House |
| 20:05 | Create | Spearman |
| 20:13 | Create | Villager (Male) |
| 20:13 | Create | Villager (Male) |
| 20:14 | Create | Villager (Male) |
| 20:42 | Build | House |
Match timeline
| 9:33 | Hector Barbossa · first_building Barracks |
| 9:52 | heremor.games · first_building Barracks |
| 10:37 | heremor.games · age_up feudal |
| 10:58 | heremor.games · first_building Stable |
| 11:11 | Hector Barbossa · wall_segment Palisade Wall x2 |
| 11:12 | Hector Barbossa · age_up feudal |
| 11:29 | Hector Barbossa · first_building Archery Range |
| 12:00 | heremor.games · wall_segment Palisade Wall x3 |
| 12:29 | heremor.games · wall_segment Palisade Wall x4 |
| 12:39 | Hector Barbossa · wall_segment Palisade Wall x3 |
| 12:40 | heremor.games · wall_segment Palisade Wall x12 |
| 14:20 | heremor.games · age_up castle |
| 14:27 | heremor.games · wall_segment Palisade Wall x15 |
| 20:39 | Hector Barbossa · first_market_buy 100 wood |
| 21:28 | Hector Barbossa · resign |
[ AI ANALYSIS · 1 CREDIT ]
What really happened in this match?
Wolo.gg analyzes every decision: build order, eco, micro, common mistakes by bracket. Personalized analysis on WhatsApp or Discord in 30 seconds.
Civ guide
Mongols
Map guide
Arabia
Perfil
Jugador #19083062